 Dungeon Crawl Stone Soup version 0.20.1-1-g8b1a95d (webtiles) character file.

997 karf the Conjurer (level 7, -8/36 HPs)
             Began as a Deep Elf Wizard on Oct 28, 2017.
             Was an Initiate of Vehumet.
             Splashed by Pikel's acid (14 damage)
             ... on level 6 of the Dungeon.
             The game lasted 00:28:47 (6225 turns).

karf the Conjurer (Deep Elf Wizard)                 Turns: 6225, Time: 00:28:48

Health: -8/36      AC:  7    Str:  4    XL:     7   Next: 99%
Magic:  12/17      EV: 15    Int: 25    God:    Vehumet [......]
Gold:   214        SH:  0    Dex: 13    Spells: 8/16 levels left

rFire    + . .     SeeInvis +   E - +9 rapier of Ketsegh {drain, +Inv rF+ SInv}
rCold    . . .     Gourm    .   (no shield)
rNeg     + . .     Faith    .   a - +0 robe
rPois    .         Spirit   .   g - +2 hat
rElec    .         Reflect  .   t - +2 cloak {MR+}
rCorr    .         Harm     .   (no gloves)
MR       +....                  (no boots)
Stlth    +++.......             (no amulet)
Regen    0.2/turn               r - ring of stealth
MPRegen  0.2/turn               l - ring of positive energy

@: no status effects
A: no striking features
a: Renounce Religion, Evoke Invisibility


You were on level 6 of the Dungeon.
You worshipped Vehumet.
Vehumet was noncommittal.
You were not hungry.

You visited 1 branch of the dungeon, and saw 6 of its levels.

You collected 214 gold pieces.

Inventory:

Hand Weapons
 E - the +9 rapier of Ketsegh (weapon) {drain, +Inv rF+ SInv}
   (You found it on level 5 of the Dungeon)

   A truly terrible weapon, it drains the life of those it strikes.
   It protects you from fire.
   It lets you see invisible.
   It lets you turn invisible.
Missiles
 j - 231 stones (quivered)
Armour
 a - a +0 robe (worn)
 g - a +2 hat (worn)
 t - a +2 cloak of magic resistance (worn)
Jewellery
 l - a ring of positive energy (right hand)
 r - a ring of stealth (left hand)
 A - an uncursed ring of positive energy
Wands
 w - a wand of disintegration (13/24)
 y - a wand of random effects (16/48)
Scrolls
 e - 3 scrolls of teleportation
 o - 2 scrolls of enchant armour {unknown}
 p - 5 scrolls of identify {unknown}
 s - 3 scrolls of remove curse {unknown}
 x - 3 scrolls of immolation {unknown}
 B - a scroll of amnesia {unknown}
Potions
 b - 2 potions of lignification {unknown}
 h - a potion of heal wounds {unknown}
 k - a potion of resistance {unknown}
 n - a potion of magic {unknown}
 q - a potion of curing {unknown}
 u - 2 potions of haste {unknown}
 v - a potion of mutation {unknown}
 z - a potion of degeneration {unknown}
 C - a potion of ambrosia {unknown}
Books
 c - a book of Minor Magic

   Spells                             Type                      Level
   a - Magic Dart                     Conjuration                  1
   b - Blink                          Translocation                2
   c - Call Imp                       Summoning                    2
   d - Slow                           Hexes                        2
   e - Conjure Flame                  Conjuration/Fire             3
   f - Mephitic Cloud                 Conjuration/Poison/Air       3
Comestibles
 d - 4 bread rations
 f - 3 royal jellies
 m - 8 fruits
 D - 2 meat rations


   Skills:
 + Level 5.6 Dodging
 - Level 2.4 Stealth
 + Level 5.4 Spellcasting
 * Level 6.3 Conjurations
 + Level 4.7 Summonings
 + Level 2.0 Translocations
 - Level 2.1 Poison Magic


You had 8 spell levels left.
You knew the following spells:

 Your Spells              Type           Power        Failure   Level  Hunger
a - Magic Dart            Conj           ####         1%          1    None
b - Call Imp              Summ           ####....     1%          2    None
c - Blink                 Tloc           N/A          5%          2    None
d - Mephitic Cloud        Conj/Pois/Air  ###.....     8%          3    #......


Dungeon Overview and Level Annotations

Branches:
Dungeon (6/15)
 Temple: D:4-7

Altars:
Dithmenos
Makhleb
Okawaru
Trog
Vehumet

Shops:
D:4 }

Annotations:
D:5 Orcmeat's ghost, novice SpWz
D:6 Dowan; Pikel


Message History

Duvessa hits you but does no damage. Duvessa closely misses you.
Pikel says, "Slavery isn't that bad."
You hit Duvessa.
You kill Duvessa!
Vehumet accepts your kill.
Dowan screams, "No!
No!"
Dowan seems to find hidden reserves of power!
Your Translocations skill increases to level 2!
You hit Pikel. You drain Pikel!
Pikel is lightly wounded.
Pikel hits you with a whip of freezing. Pikel freezes you.
A slave comes into view.
The slave shouts!
You puncture Pikel!
Pikel is heavily wounded.
Pikel zaps a wand.
The bolt of acid hits you!
Ouch! That really hurt!
* * * LOW HITPOINT WARNING * * *
You are splashed with acid!
The acid burns!
You die...

## #.# #.#
#.# ##.#
#@## ##K##
##p## ##e#
#p.# ..p..
........
#.#...###.#
#.#...# .


You could see Pikel, 3 slaves and Dowan.

Vanquished Creatures
  Duvessa (D:6)
  A centaur (D:5)
  A bullfrog (D:6)
  A scorpion (D:5)
  A crimson imp (D:3)
  An orc priest (D:4)
  2 hounds (D:5)
  A centaur skeleton (D:3)
  2 orc wizards
  An iguana (D:5)
  4 worker ants
  7 adders
  A shadow imp (D:5)
  2 worms (D:2)
  4 dart slugs
  3 leopard geckos
  11 orcs
  A ball python (D:4)
  4 giant cockroaches
  10 goblins
  4 hobgoblins
  2 quokkas
  8 bats
  3 frilled lizards
  A jackal skeleton (D:5)
  3 kobolds
  4 rats
84 creatures vanquished.

Vanquished Creatures (collateral kills)
  An ogre (D:5)
  2 scorpions
  2 howler monkeys (D:5)
  Crazy Yiuf (D:3)
  2 orc wizards
  Ijyb (D:4)
  2 iguanas (D:5)
  A worker ant (D:4)
  Robin (D:2)
  A gnoll (D:5)
  An adder (D:4)
  11 orcs
  2 giant cockroaches
  4 goblins
  3 hobgoblins
  A kobold (D:5)
36 creatures vanquished.

Grand Total: 120 creatures vanquished

Notes
Turn   | Place    | Note
-------+----------+-------------------------------------------
     0 | D:1      | karf the Deep Elf Wizard began the quest for the Orb.
     0 | D:1      | Reached XP level 1. HP: 10/10 MP: 7/7
   341 | D:1      | Reached XP level 2. HP: 15/15 MP: 6/9
   926 | D:2      | Reached skill level 2 in Conjurations
  1284 | D:2      | Learned a level 2 spell: Call Imp
  1287 | D:2      | Learned a level 2 spell: Blink
  1329 | D:2      | Reached skill level 5 in Spellcasting
  1370 | D:2      | Reached XP level 3. HP: 19/19 MP: 6/11
  1759 | D:2      | Noticed Robin
  1842 | D:1      | Reached skill level 3 in Conjurations
  2174 | D:2      | Killed Robin
  2174 | D:2      | Reached XP level 4. HP: 18/24 MP: 4/13
  2455 | D:3      | Found a runed door.
  2459 | D:3      | Noticed Crazy Yiuf
  2466 | D:3      | Killed Crazy Yiuf
  2881 | D:3      | Reached XP level 5. HP: 25/28 MP: 5/14
  2947 | D:3      | Learned a level 3 spell: Mephitic Cloud
  3077 | D:3      | Reached skill level 4 in Conjurations
  3462 | D:4      | Found Sogeipei's Gadget Shop.
  3712 | D:4      | Reached skill level 1 in Poison Magic
  3712 | D:4      | Reached XP level 6. HP: 26/32 MP: 9/15
  4128 | D:4      | Noticed Ijyb
  4140 | D:4      | Killed Ijyb
  4365 | D:5      | Entered Level 5 of the Dungeon
  4376 | D:5      | Reached skill level 5 in Conjurations
  4658 | D:5      | Found an iron altar of Okawaru.
  4730 | D:5      | Reached XP level 7. HP: 26/36 MP: 2/16
  4789 | D:5      | HP: 1/36 [centaur/arrow (3)]
  5101 | D:5      | Reached skill level 5 in Dodging
  5464 | D:5      | Found a radiant altar of Vehumet.
  5493 | D:5      | Became a worshipper of Vehumet
  5622 | D:5      | Noticed Orcmeat's ghost (novice SpWz)
  5935 | D:5      | Reached skill level 6 in Conjurations
  5938 | D:5      | Found a burning altar of Makhleb.
  5938 | D:5      | Found a shadowy altar of Dithmenos.
  6041 | D:5      | Got a steaming rapier
  6042 | D:5      | Identified the +9 rapier of Ketsegh {drain, +Inv rF+ SInv} (You found it on level 5 of the Dungeon)
  6046 | D:5      | Found a bloodstained altar of Trog.
  6196 | D:6      | Noticed Duvessa
  6196 | D:6      | Noticed Dowan
  6217 | D:6      | Noticed Pikel
  6223 | D:6      | Killed Duvessa
  6225 | D:6      | Splashed by Pikel's acid

Skill      XL: |  1  2  3  4  5  6  7 |
---------------+----------------------+-----
Conjurations   | 2 3 4 5 6 |  6.3
Spellcasting   | 5 |  5.4
Dodging        | 3 4 5 |  5.6
Summonings     | 2 3 4 |  4.7
Poison Magic   | 1 2 |  2.1
Translocations | 2 |  2.0
Stealth        | |  2.4

Action                   |  1- 3 |  4- 6 |  7- 9 || total
-------------------------+-------+-------+-------++-------
Melee: Short sword       |    14 |    43 |    19 ||    76
       Rapier            |       |       |    16 ||    16
 Cast: Magic Dart        |    79 |    97 |    27 ||   203
       Call Imp          |    11 |    39 |    25 ||    75
       Blink             |       |       |     2 ||     2
       Mephitic Cloud    |       |       |     1 ||     1
  Use: Scroll            |       |     2 |       ||     2
 Stab: Distracted        |       |     1 |       ||     1
  Eat: Chunk             |     4 |     7 |     5 ||    16
Armor: Robe              |    13 |    12 |    16 ||    41
Dodge: Dodged            |    30 |    42 |    38 ||   110
